 Dungeon Crawl Stone Soup version 0.31-a0-102-g33a4ccc0cb (webtiles) character file.

Game seed: 10352132569956343845

934 kae the Changer (level 7, -1/52 HPs)
             Began as a Grey Draconian Transmuter on May 26, 2023.
             Slain by an orc priest
             ... wielding a +1 flail of protection
              (5 damage)
             ... on level 4 of the Dungeon.
             The game lasted 00:05:28 (3801 turns).

kae the Changer (Grey Draconian Transmuter)         Turns: 3801, Time: 00:05:28

Health: -1/52      AC:  2    Str: 13    XL:     7   Next: 86%
Magic:  10/12      EV: 19    Int: 15    God:
Gold:   177        SH:  0    Dex: 16    Spells: 3/13 levels left

rFire   . .          .
                       - Unarmed
rCold   . . .        (shield currently unavailable)
rNeg    . . .        (body armour unavailable)
rPois   x            (helmet currently unavailable)
rElec   .            (cloak currently unavailable)
rCorr   .            (gloves currently unavailable)
SInv    .            (boots currently unavailable)
Will    .....        (no amulet)
Stlth   +            (no ring)
HPRegen 0.28/turn    (no ring)
MPRegen 0.13/turn

%: no passive effects
@: spider-form (expiring)
A: venomous fangs, AC +11, (amphibious), tiny, unfitting armour, (cold-blooded)
a: End Transformation


You were on level 4 of the Dungeon.
You were a venomous arachnid creature.
You visited 1 branch of the dungeon, and saw 4 of its levels.
You also visited: Sewer.

You collected 177 gold pieces.


Innate Abilities, Weirdness & Mutations

You are a venomous arachnid creature.
You have venomous fangs.
You are tiny and dextrous.
Your spellcasting is less reliable in this form.
Your armour is entirely melded.
You are incapable of wielding weapons or throwing items.
((Your dull iron-grey scales are very hard. (AC +11)))
((You are amphibious.))
You cannot fit into any form of body armour.
((You are cold-blooded and may be slowed by cold attacks.))


   Skills:
 - Level 1.1 Fighting
 - Level 1.7 Dodging
 + Level 5.0 Unarmed Combat
 + Level 3.9 Spellcasting
 * Level 5.8 Transmutations
 * Level 3.6 Ice Magic
 - Level 2.0 Poison Magic


You had 3 spell levels left.
You knew the following spells:

 Your Spells              Type           Power      Damage    Failure   Level
a - Beastly Appendage     Tmut           40%        N/A       7%          1
b - Wereblood             Tmut           20%        N/A       10%         2
c - Spider Form           Tmut/Pois      13%        N/A       32%         3
d - Ice Form              Ice/Tmut       15%        N/A       54%         4

Your spell library contained the following spells:

 Spells                   Type           Power      Damage    Failure   Level
 Ignite Poison            Fire/Tmut/Pois 8%         N/A       45%         3
 Dazzling Flash           Conj/Hex       2%         N/A       77%         3
 Volatile Blastmotes      Fire/Tloc      2%         2d10      77%         3
 Iskenderun's Mystic Bla  Conj/Tloc      1%         2d3       98%         4
 Sticky Flame             Conj/Fire      1%         2d3       98%         4
 Starburst                Conj/Fire      0%         6d3       100%        6
 Ignition                 Fire           1%         3d3       100%        8

Inventory:

Missiles
 b - 3 poisoned darts
 d - 17 stones
 f - 11 boomerangs
Magical Staves
 i - a staff of poison {!a}
   (You found it on level 1 of the Dungeon)
Jewellery
 T - an amulet of faith {!P}
   (You found it on level 4 of the Dungeon)
Wands
 r - a wand of roots (8)
   (You found it on level 2 of the Dungeon)
Scrolls
 g - a scroll of silence {unknown}
 k - a scroll of vulnerability {!r!r}
 m - a scroll of identify {@r1}
 q - a scroll of teleportation {@r4}
Potions
 a - 2 potions of lignification {!q}
 c - 3 potions of brilliance
 e - a potion of invisibility {unknown}
 h - a potion of degeneration {!q}
 j - 2 potions of attraction {unknown}
 p - 3 potions of mutation {unknown}

Dungeon Overview and Level Annotations

Branches:
Dungeon (4/15) Zot: 20378   Sewer (visited)
 Temple: D:4-7

Altars:

Annotations:
D:4 1 runed translucent door, senseless's ghost, amateur OpFE

##...#.## ##.## #.########.#
##......###.#.## #...........
##......##.###.## ##########.#
.)........#####.## #.#
.>...........###.# ***** #.#
.##.......##.##.## *,,,* #.#
.###....##.#.#.## ***,.,*** #.#
.###†...###...######....,,,* #.#
.......## ##..).so..o...,,,***#.#
#.#.#.#########)####....,,,,,,,,,
##..............# ***,.,********
####)########### *,,,* #.# *****
#.# #####.# ..)...# #######


You could see an orc priest (extremely poisoned) and an orc.


Message History

You take 5 damage, and now have 41/62 hp.
Unknown command.
You punch Edmund! You freeze Edmund.
You kill Edmund!
Your Unarmed Combat skill increases to level 5!
Things that are here:
a +2 flail of protection; a +0 ring mail; the human corpse of Edmund 😮 HP[+1] Unknown command.
Unknown command.
Your magical contamination has completely faded away. 😮 HP[+2] MP[+1]
You regained 2 hp, and now have 44/62 hp.
Unknown command.
Your transformation is almost over.
You warm up again.
You see here a +0 ring mail.
Key pressed, stopping explore.
You see here a howler monkey corpse.
An orc comes into view.
It is wielding a +0 short sword. x2 😎 HP[+8] MP[+6]
You now have 52 max hp (-10).
Your hp is fully restored (52).
Your mp is fully restored (12).
There are monsters nearby!
There are monsters nearby!
There are monsters nearby!
Casting: Ice Form (quite dangerous; 32% risk of failure)
Confirm with . or Enter, or press ? or * to list all spells.
You turn into a venomous arachnid creature.
The orc shouts! x2
An orc comes into view. It is wielding a +0 short sword.
An orc priest comes into view.
It is wielding a +1 flail of protection. 😎 MP[-3]
You lost 3 mp, and now have 9/12 mp.
The orc priest shouts!
The orc shouts!
You hit the orc.
The orc is poisoned.
You kill the orc!
The orc priest invokes the aid of Beogh against you.
Beogh smites you!
An orc comes into view. It is wielding a +0 whip.
Things that are here:
a +0 short sword; an orc corpse; 😕 HP[-8]
You take 8 damage, and now have 44/52 hp.
There are monsters nearby!
The orc barely misses you.
You hit the orc but do no damage.
The orc is poisoned. 😕 HP[+1]
You completely miss the orc.
The orc priest invokes the aid of Beogh against you.
Beogh smites you! The orc closely misses you.
You are too injured to fight recklessly! 😮 HP[-12]
You take 12 damage, and now have 33/52 hp.
MASSIVE DAMAGE!! (PAUSE)
You hit the orc but do no damage.
The orc looks even sicker.
The orc closely misses you. The orc misses you. 😮 MP[+1]
You hit the orc but do no damage. The orc hits you but does no damage.
The orc completely misses you.
Unknown command.
You hit the orc but do no damage. 😮 HP[+1]
You bite the orc!
You kill the orc!
Your transformation is almost over.
The orc closely misses you.
The orc priest mumbles some strange prayers to Beogh against you.
Beogh smites you!
* * * LOW HITPOINT WARNING * * *
😨 HP[-11]
You take 11 damage, and now have 23/52 hp.
MASSIVE DAMAGE!! (PAUSE)
The orc closely misses you.
The orc priest hits you with a +1 flail of protection.
* * * LOW HITPOINT WARNING * * *
Things that are here:
a +0 short sword; an orc corpse; 😨 HP[-1]
You take 1 damage, and now have 22/52 hp.
You completely miss the orc priest.
You kill the orc!
The orc priest closely misses you.
The orc shouts!
You hit the orc priest but do no damage.
The orc priest is poisoned.
The orc priest hits you with a +1 flail of protection!
* * * LOW HITPOINT WARNING * * *
😨 HP[-7]
You take 7 damage, and now have 15/52 hp.
Unknown command.
You hit the orc priest.
The orc priest looks as sick as possible!
The orc priest hits you with a +1 flail of protection!
* * * LOW HITPOINT WARNING * * *
😱 HP[-11]
You take 11 damage, and now have 4/52 hp.
MASSIVE DAMAGE!! (PAUSE)
You hit the orc priest but do no damage.
The orc priest looks as sick as possible!
The orc priest hits you with a +1 flail of protection.
You die...

Skill      XL: |  1  2  3  4  5  6  7 |
---------------+----------------------+-----
Transmutations | 3 4 5 |  5.8
Poison Magic   | 1 2 |  2.0
Unarmed Combat | 4 5 |  5.0
Spellcasting   | 3 |  3.9
Ice Magic      | 2 3 |  3.6
Fighting       | |  1.1
Dodging        | |  1.7

Action                     |  1- 3 |  4- 6 |  7- 9 || total
---------------------------+-------+-------+-------++-------
  Melee: Unarmed           |   110 |   131 |   105 ||   346
         Headbutt          |    16 |     3 |       ||    19
         Kick              |    23 |    11 |       ||    34
         Tailslap          |     7 |     3 |       ||    10
         Punch             |     2 |       |       ||     2
   Cast: Beastly Appendage |    26 |    14 |       ||    40
         Spider Form       |     1 |     7 |    16 ||    24
         Wereblood         |       |     2 |     3 ||     5
         Ice Form          |       |       |     1 ||     1
    Use: Scroll            |       |    10 |     1 ||    11
         Potion            |       |     1 |     2 ||     3
 Armour: Skin              |    38 |    29 |    12 ||    79
  Dodge: Dodged            |    79 |   101 |    71 ||   251

Levels and vault maps discovered:
D:1:      nzn_arrival_crosshair, layout_rooms, serial_bayou,
          serial_bayou_shore_b, serial_bayou_pond_d, serial_bayou_pond_c,
          serial_bayou_shore_b, corexii_leaking_fountain, minmay_pentomino_z4
D:2:      layout_rooms
D:3:      layout_basic, hellmonk_ecumenical_altar_inner_sanctum,
          minmay_lizard_king
D:4:      layout_loops_ring, hellmonk_ghost_happy_afterlife,
          gup_sewer_entry_bowl, minmay_snake_closets, uniq_sigmund, uniq_edmund,
          uniq_menkaure

Notes
Turn   | Place    | Note
-------+----------+-------------------------------------------
     0 | D:1      | kae the Draconian Transmuter began the quest for the Orb.
     0 | D:1      | Reached XP level 1. HP: 16/16 MP: 3/3
     0 | D:1      | magus.rc [v1.11.3]
    31 | D:1      | You add the spells Ignite Poison, Sticky Flame and Ignition
                  | to your library.
    51 | D:1      | Reached XP level 2. HP: 23/23 MP: 3/5
    73 | D:1      | HP: 4/23 [hobgoblin (4)]
    75 | D:1      | HP: 1/23 [goblin/+0 club (3)]
   381 | D:1      | Reached XP level 3. HP: 28/28 MP: 4/6
   384 | D:1      | Learned a level 2 spell: Wereblood
   388 | D:1      | Learned a level 3 spell: Spider Form
   633 | D:1      | Reached skill level 3 in Transmutations
   960 | D:2      | Reached skill level 1 in Poison Magic
  1003 | D:2      | Noticed an ogre
  1128 | D:2      | Reached XP level 4. HP: 17/35 MP: 0/7
  1548 | D:2      | Killed an ogre
  1549 | D:2      | Reached skill level 4 in Unarmed Combat
  1549 | D:2      | Reached skill level 2 in Poison Magic
  1549 | D:2      | Reached XP level 5. HP: 30/40 MP: 4/9
  1833 | D:3      | Found a faded altar of an unknown god.
  2132 | D:3      | Reached skill level 4 in Transmutations
  2236 | D:3      | Reached skill level 3 in Spellcasting
  2645 | D:3      | Learned a level 4 spell: Ice Form
  2733 | D:4      | Reached XP level 6. HP: 47/47 MP: 7/10
  2760 | D:4      | Noticed Sigmund
  2785 | D:4      | Killed Sigmund
  2786 | D:4      | Reached skill level 1 in Ice Magic
  2818 | D:4      | Reached skill level 2 in Ice Magic
  2818 | D:4      | Your scales start taking on a dull iron-grey colour.
  2818 | D:4      | Reached XP level 7. HP: 38/52 MP: 8/12
  2839 | D:4      | Reached skill level 5 in Transmutations
  2905 | D:4      | Found a glowing drain.
  2931 | Sewer    | Entered a sewer
  3165 | D:4      | HP: 13/52 [orc/+0 flail (3)]
  3174 | D:4      | HP: 12/52 [orc/+0 trident (2)]
  3198 | D:4      | HP: 13/52 [orc/+0 dagger (1)]
  3231 | D:4      | Reached skill level 3 in Ice Magic
  3488 | D:4      | Found a runed translucent door.
  3488 | D:4      | Noticed senseless's ghost (amateur OpFE)
  3543 | D:4      | You pick up a book of Spectacle and begin reading...
  3543 | D:4      | You add the spells Volatile Blastmotes, Dazzling Flash,
                  | Iskenderun's Mystic Blast and Starburst to your library.
  3619 | D:4      | Noticed Edmund
  3631 | D:4      | Killed Edmund
  3632 | D:4      | Reached skill level 5 in Unarmed Combat
  3800 | D:4      | HP: 4/52 [orc priest/+1 flail of protection (11)]
  3801 | D:4      | Slain by an orc priest

Vanquished Creatures
  Sigmund (D:4)
  Edmund (D:4)
  2 ogres
  A phantom (D:4)
  A howler monkey (D:4)
  A jelly (D:4)
  An orc priest (D:4)
  A hell rat (Sewer)
  An orc wizard (D:4)
  3 gnolls (D:3)
  10 adders
  A river rat (Sewer)
  2 worms
  4 dart slugs
  10 orcs (D:4)
  11 ball pythons
  3 bats (D:1)
  6 endoplasms
  4 giant cockroaches
  8 goblins
  7 hobgoblins
  7 jackals
  9 quokkas
  12 frilled lizards
  6 kobolds
  10 rats
123 creatures vanquished.

Table legend:
 A = Non-vault XP
 B = Vault XP
 C = Vault XP percentage of total XP
 D = Non-vault monster count
 E = Vault monster count
 F = Vault count percentage of total count
                 A         B        C        D         E       F
            +---------+---------+-------+---------+---------+-------
      Total |     809 |     526 |  39.4 |      95 |      28 |  22.8
            +---------+---------+-------+---------+---------+-------
        D:1 |      58 |       9 |  13.4 |      32 |       5 |  13.5
        D:2 |     195 |       0 |   0.0 |      16 |       0 |   0.0
        D:3 |      99 |       8 |   7.5 |      18 |       8 |  30.8
        D:4 |     457 |     456 |  49.9 |      29 |       9 |  23.7
      Sewer |       0 |      53 | 100.0 |       0 |       6 | 100.0
            +---------+---------+-------+---------+---------+-------

Skill      XL: |  1  2  3  4  5  6  7 |
---------------+----------------------+-----
Transmutations | 3 4 5 |  5.8
Poison Magic   | 1 2 |  2.0
Unarmed Combat | 4 5 |  5.0
Spellcasting   | 3 |  3.9
Ice Magic      | 2 3 |  3.6
Fighting       | |  1.1
Dodging        | |  1.7

Action                     |  1- 3 |  4- 6 |  7- 9 || total
---------------------------+-------+-------+-------++-------
  Melee: Unarmed           |   110 |   131 |   105 ||   346
         Headbutt          |    16 |     3 |       ||    19
         Kick              |    23 |    11 |       ||    34
         Tailslap          |     7 |     3 |       ||    10
         Punch             |     2 |       |       ||     2
   Cast: Beastly Appendage |    26 |    14 |       ||    40
         Spider Form       |     1 |     7 |    16 ||    24
         Wereblood         |       |     2 |     3 ||     5
         Ice Form          |       |       |     1 ||     1
    Use: Scroll            |       |    10 |     1 ||    11
         Potion            |       |     1 |     2 ||     3
 Armour: Skin              |    38 |    29 |    12 ||    79
  Dodge: Dodged            |    79 |   101 |    71 ||   251

Illustrated notes

Table legend:
 A = Kills in this place as a percentage of kills in the entire game.
 B = Kills by you in this place as a percentage of kills by you in the entire game.
 C = Kills by friends in this place as a percentage of kills by friends in the entire game.
 D = Other kills in this place as a percentage of other kills in the entire game.
 E = Experience gained in this place as a percentage of experience gained in the entire game.
 F = Experience gained in this place divided by the number of levels of this place that you have seen.
                   A       B       C       D       E      F
               +-------+-------+-------+-------+-------+----------------------
         Total | 100.0 | 100.0 |   N/A |   N/A | 100.0 | 267.0
       Dungeon |  95.1 |  95.1 |   N/A |   N/A |  96.0 | 320.5
         Sewer |   4.9 |   4.9 |   N/A |   N/A |   4.0 |  53.0
               +-------+-------+-------+-------+-------+----------------------

Table legend: (Time is in decaauts)
 A = Elapsed time spent in this place.
 B = Non-inter-level travel time spent in this place.
 C = Inter-level travel time spent in this place.
 D = Time resting spent in this place.
 E = Time spent auto-exploring this place.
 F = Levels seen in this place.
 G = Mean time per level.
                   A        B        C        D        E       F      G
               +--------+--------+--------+--------+--------+-----+--------+
         Total |   3772 |   3642 |    130 |     46 |   2685 |   5 |  754.4 |
       Dungeon |   3620 |   3490 |    130 |     46 |   2587 |   4 |  905.0 |
         Sewer |    152 |    152 |      0 |      0 |     97 |   1 |  152.0 |
               +--------+--------+--------+--------+--------+-----+--------+

Top non-repeatable levels by time:
     D:3: 1078 daAuts
     D:1: 949 daAuts
     D:4: 928 daAuts
     D:2: 664 daAuts
   Sewer: 152 daAuts
